Zazza, neutral female human Tourist ----- ######################################## |...| #----- # ---------- |<..| #|....# ######.........| |....####|...|# |........| |...| |...|# #-........| --.-- #-...|# ---------- ###--|------- # #|....## ... ....`| # ###### # #-----### .. ....| ### # # ## ###### ..- -...| # ### ### # ### ... |...| ########### # # # # ..`| |`..| # --.------.- ## # ###|...| |....######### |.........| ----.---# f@n..- -...| |[........| |.......# |.....`l....|###############..........| |......| `.........`|# ----------- |....... ------------ |......| |....>.| -------- Zazza the Rambler Experience level: 2 Strength: 11 Dexterity: 13 Constitution: 16 Intelligence: 14 Wisdom: 9 Charisma: 14 Health: 0(23) Energy: 6(6) Def: 4 Gold: 1993 Moves: 3588 Dungeon seed: ZeCCO9HB3A_Uy6BN Game ID: Zazza_1599377952 Your Inventory: Coins $ - 1993 gold pieces Weapons a - 27 +2 darts (in quiver) s - a +0 orcish dagger Y - a rusty +0 dagger (weapon in hand) Armor n - an uncursed +0 Hawaiian shirt (being worn) z - a blessed +3 orcish helm (being worn) Comestibles b - 7 uncursed food rations c - 4 uncursed slime molds d - an uncursed egg J - 2 uncursed eggs T - 4 uncursed tripe rations V - an uncursed orange Scrolls f - 2 uncursed scrolls of magic mapping g - a blessed scroll of magic mapping o - a cursed scroll of light I - an uncursed scroll of amnesia K - an uncursed scroll of fire N - an uncursed scroll of identify R - an uncursed scroll of destroy armor Spellbooks D - an uncursed spellbook of wizard lock S - an uncursed spellbook of slow monster Potions k - an uncursed potion of gain energy H - 2 uncursed potions of see invisible M - a cursed potion of blindness P - an uncursed potion of blindness W - an uncursed potion of healing X - an uncursed potion of invisibility Z - a blessed potion of hallucination Rings j - an uncursed ring of poison resistance m - an uncursed +1 ring of increase damage L - an uncursed ring of stealth U - an uncursed ring of sustain ability Wands t - a wand of speed monster (0:1) u - a wand of striking (0:5) v - a wand of undead turning (0:5) w - a wand of secret door detection (0:13) x - a wand of secret door detection (0:13) y - a wand of probing (0:5) A - a wand of speed monster (0:5) B - a wand of locking (0:3) C - a wand of teleportation (0:4) E - a wand of digging (0:4) G - a wand of locking (0:7) Tools h - an expensive camera (0:53) i - an uncursed credit card O - a can of grease (0:25) Q - an uncursed oil lamp (lit) (0:470) Gems l - an uncursed worthless piece of violet glass p - an uncursed luckstone q - 2 uncursed worthless pieces of black glass r - an uncursed aquamarine stone F - an uncursed topaz stone Spells and supernatural/magical abilities: Name Level Category Fail Memory s - slow monster 2 enchantment 100% 100% w - wizard lock 2 matter 100% 87% W - pray for help -- divine ? -- Your skills at the end: Fighting Skills Weapon Skills dagger [Basic] dart [Basic] Spellcasting Skills Final Attributes: You were nominally aligned. You were fast. You were lucky. You had extra luck. Bad luck did not time out for you. Good luck did not time out for you. You are dead. Vanquished creatures: a pony 2 shriekers an elf zombie 2 baby crocodiles a floating eye 2 dwarves 2 orc zombies a wererat an acid blob a coyote a giant rat 2 brown molds a yellow mold a red mold 10 gnomes a gnome zombie 4 geckos 7 jackals 2 foxes 3 goblins a sewer rat 15 grid bugs 6 lichens 9 newts 77 creatures vanquished. Voluntary challenges: You had been an atheist until turn 2143. You used a wielded weapon 53 times, starting on turn 1380. You read items or engraved 16 times, starting on turn 54. You never genocided any monsters. You never polymorphed an object. You never changed form. You used no wishes. You never split a pudding. You wrote Elbereth's name 7 times, starting on turn 772. You never violated your personal moral code. Dungeon overview: The Dungeons of Doom: levels 1 to 8 Level 1 some altars to Blind Io, some fountains a long staircase Level 2 a wand shop, some fountains Level 3 a fountain Level 4 stairs to The Gnomish Mines Level 5 a general store, a fountain, a sink Level 6 Level 7 Level 8 <- You were here The Gnomish Mines: Level 5 stairs to The Dungeons of Doom History has recorded: On T:1 you entered the Dungeons of Doom to retrieve the Amulet of Yendor! On T:329 you reached level 2 of The Dungeons of Doom. On T:926 you reached level 3 of The Dungeons of Doom. On T:1270 you reached level 4 of The Dungeons of Doom. On T:1554 you reached level 5 of The Dungeons of Doom. On T:1948 you advanced to experience level 2. On T:2252 you reached level 1 of The Gnomish Mines. On T:2678 you reached level 6 of The Dungeons of Doom. On T:2880 you reached level 7 of The Dungeons of Doom. On T:3190 you reached level 8 of The Dungeons of Doom. Score breakdown: Gold: 1403 (10706 points) Experience: 2 levels ( 5570 points) Exploration: 8 levels ( 15.69%) (11224 points) Discoveries: 9 items ( 3.02%) ( 5213 points) Valuables value: (no points given unless you survive) Artifact value: 0 ( 0 points) Variety of kills: 24 monsters ( 6.30%) ( 7529 points) Turncount: 3588 turns ( -864 points) Survival: died (score multiplied by 80%) Total score: 31502 Latest messages: You stop running. The water nymph stole an uncursed wand of striking. You displace Armand. You see here a turquoise spellbook. You have a little trouble lifting S - a turquoise spellbook. Your movements are slowed slightly because of your load. Never mind. You begin to memorize the runes. You add the "slow monster" spell to your repertoire. You displace Armand. You stop. Armand is in the way! The door resists! (2x) The door opens. You see here an orange. You have a little trouble lifting V - an orange. You displace Armand. The door opens. The water nymph zaps a wand of striking! The wand hits you! You hit the water nymph. The water nymph zaps a wand of striking! The wand hits you! You die... Final status: Aloha Zazza the Tourist, killed by a wand... You died in The Dungeons of Doom on dungeon level 8 with 31502 points, and 1993 pieces of gold, after 3588 moves. You were level 2 with a maximum of 23 hit points when you died.